 Dungeon Crawl Stone Soup version 0.20.1-1-g8b1a95d (webtiles) character file.

230 kae the Cudgeler (level 6, -5/58 HPs)
             Began as a Gargoyle Fighter on Sept 17, 2017.
             Killed by divine providence
             ... invoked by an orc priest
              (10 damage)
             ... on level 4 of the Dungeon.
             The game lasted 00:03:33 (2489 turns).

kae the Cudgeler (Gargoyle Fighter)                 Turns: 2489, Time: 00:03:34

Health: -5/58      AC: 10    Str: 27    XL:     6   Next: 3%
Magic:  6/6        EV:  8    Int:  8    God:
Gold:   243        SH:  9    Dex:  9    Spells: 5/5 levels left

rFire    + . .     SeeInvis .   a - +1 flail
rCold    x . .     Gourm    .   c - +0 shield
rNeg     + . .     Faith    .   n - +0 ring mail
rPois    ∞         Spirit   .   (no helmet)
rElec    +         Reflect  .   (no cloak)
rCorr    .         Harm     .   (no gloves)
MR       .....                  (no boots)
Stlth    ..........             (no amulet)
Regen    0.2/turn               q - ring of fire
MPRegen  0.1/turn               (no ring)

@: berserking, very quick
A: negative energy resistance 1, electricity resistance, unbreathing,
petrification resistance, rot immunity, AC +4
a: no special abilities


You were on level 4 of the Dungeon.
You were not hungry.

You visited 1 branch of the dungeon, and saw 4 of its levels.

You collected 243 gold pieces.

Inventory:

Hand Weapons
 a - a +1 flail (weapon)
Armour
 b - a +0 scale mail
 c - a +0 shield (worn)
 n - a +0 ring mail (worn)
Jewellery
 q - a ring of fire (left hand)
Wands
 d - a wand of flame (30/48)
 p - a wand of confusion (25/48)
Scrolls
 g - a scroll of remove curse
 j - a scroll of amnesia
Potions
 l - a potion of flight
 m - 4 potions of brilliance
 o - a potion of invisibility
 t - 2 potions of curing
Comestibles
 f - 3 bread rations
 h - 3 meat rations
 r - 2 chunks of flesh


   Skills:
 + Level 4.3 Fighting
 * Level 4.8 Maces & Flails
 + Level 4.3 Armour
 - Level 3.2 Shields


You had 5 spell levels left.
You didn't know any spells.

Dungeon Overview and Level Annotations

Branches:
Dungeon (4/15)
 Temple: D:4-7

Altars:


Innate Abilities, Weirdness & Mutations

You are resistant to torment.
Your stone body is resilient. (AC +4)
You are immune to poison.
You resist negative energy. (rN+)
You are resistant to electric shocks. (rElec)
You can survive without breathing.
You are immune to petrification.
You are immune to rotting.


Message History

You flicker back into view.
You block the orc wizard's attack.
The orc wizard gestures wildly while chanting.
The orc wizard blinks!
The orc priest looks braver for a moment.
You hear a bark!
It was a potion of berserk rage.
A red film seems to cover your vision as you go berserk!
You feel yourself moving faster!
You feel mighty!
The orc wizard points at you and mumbles some strange words.
The magic dart hits you!
* * * LOW HITPOINT WARNING * * *
You barely miss the orc wizard. The orc wizard casts a spell at you.
The puff of frost hits you!
You feel a terrible chill!
* * * LOW HITPOINT WARNING * * *
The orc priest closely misses you.
The orc priest mumbles some strange prayers to Beogh against you.
Beogh smites you!
You die...

.. ### ... ≈≈≈#
+######+##...
≈≈≈≈###.#...........
........#............
........#.......(....
.≈≈.....#@...........
≈..≈....#oo..........
...o.o..o)...........
⌠≈≈o%..o.............
≈⌠...........†.......
...≈≈................
.≈≈..≈.........######
≈....≈.........#
...≈≈...#......#


You could see 2 orc priests, an orc wizard and an orc.

Vanquished Creatures
  An orc priest (D:4)
  An orc wizard (D:4)
  Ijyb (D:3)
  Robin (D:3)
  5 adders (D:3)
  An ooze (D:3)
  A worm (D:3)
  A dart slug (D:1)
  7 orcs
  6 bats
  3 giant cockroaches
  11 hobgoblins
  3 jackals
  A quokka (D:4)
  2 ball pythons (D:3)
  A frilled lizard (D:1)
  17 goblins
  7 kobolds
  4 rats
74 creatures vanquished.

Notes
Turn   | Place    | Note
-------+----------+-------------------------------------------
     0 | D:1      | kae the Gargoyle Fighter began the quest for the Orb.
     0 | D:1      | Reached XP level 1. HP: 14/14 MP: 1/1
   173 | D:1      | Reached XP level 2. HP: 19/19 MP: 2/2
   749 | D:1      | Reached XP level 3. HP: 23/23 MP: 3/3
  1571 | D:2      | You fall through a shaft!
  1608 | D:3      | HP: 1/23 [adder (1)]
  1622 | D:3      | Reached XP level 4. HP: 29/29 MP: 4/4
  1841 | D:3      | Noticed Robin
  1847 | D:3      | Killed Robin
  1868 | D:3      | Reached XP level 5. HP: 17/33 MP: 5/5
  1885 | D:3      | Noticed Ijyb
  1908 | D:3      | Killed Ijyb
  2482 | D:4      | Reached XP level 6. HP: 17/39 MP: 6/6
  2489 | D:4      | Killed from afar by an orc priest

Skill      XL: |  1  2  3  4  5 |
---------------+----------------+-----
Maces & Flails | 3 4 |  4.8
Armour         | 4 |  4.3
Fighting       | 4 |  4.3
Shields        | |  3.2

Action                   |  1- 3 |  4- 6 || total
-------------------------+-------+-------++-------
Melee: Flail             |   146 |   149 ||   295
  Use: Potion            |     2 |     5 ||     7
       Scroll            |       |     5 ||     5
  Eat: Chunk             |     1 |     5 ||     6
Armor: Scale mail        |    67 |       ||    67
       Ring mail         |    35 |    47 ||    82
Dodge: Dodged            |    49 |    44 ||    93
Block: Shield            |    88 |    78 ||   166
